 Dungeon Crawl Stone Soup version 0.31.0-9-g3a7656b989 (webtiles) character file.

Game seed: 2054224474965000949

79 qw the Shooter (level 4, -4/22 HPs)
             Began as a Spriggan Hunter on Feb 2, 2024.
             Killed by divine providence
             ... invoked by an orc priest
              (12 damage)
             ... on level 3 of the Dungeon.
             The game lasted 00:00:04 (1416 turns).

qw the Shooter (Spriggan Hunter)                    Turns: 1416, Time: 00:00:05

Health: -4/22      AC:  2    Str:  7    XL:     4   Next: 17%
Magic:  5/5        EV: 19    Int: 10    God:
Gold:   26         SH:  0    Dex: 20    Spells: 3/3 levels left

rFire   . . .        a - +0 shortbow
rCold   . . .        (shield currently unavailable)
rNeg    . . .        c - +0 robe
rPois   +            (helmet restricted)
rElec   .            (no cloak)
rCorr   .            (gloves unavailable)
SInv    +            (boots unavailable)
Will    .....        (no amulet)
Stlth   ++           d - ring of poison resistance
HPRegen 0.23/turn    (no ring)
MPRegen 0.09/turn

%: no passive effects
@: very quick
A: very small, no large weapons, unfitting armour, see invisible, speed 3
a: no special abilities


You were on level 3 of the Dungeon.
You visited 1 branch of the dungeon, and saw 3 of its levels.

You collected 26 gold pieces.


Innate Abilities, Weirdness & Mutations

You are very small and have problems with some larger weapons.
You are too small for most types of armour.
You have supernaturally acute eyesight. (SInv)
You cover ground extremely quickly. (Speed+++)


   Skills:
 - Level 1.5 Fighting
 - Level 5.0 Ranged Weapons
 + Level 4.5 Dodging
 - Level 1.5 Stealth


You had 3 spell levels left.
You didn't know any spells.
Your spell library was empty.

Inventory:

Hand Weapons
 a - a +0 shortbow (weapon)
Armour
 c - a +0 robe (worn)
Jewellery
 d - a ring of poison resistance (left hand)
Scrolls
 b - a scroll of teleportation
Potions
 e - a potion of cancellation {unknown}
 f - a potion of mutation {unknown}
 g - a potion of magic {unknown}
 i - a potion of curing {unknown}

Dungeon Overview and Level Annotations

Branches:
Dungeon (3/15)

Altars:


Message History

Enter note:
Enter note:
There is a stone staircase leading up here.
Done exploring.
Done exploring.
1362 ||| UPGRADING to ring of poison resistance.
d - a ring of poison resistance (left hand) Done exploring.
What level of the Dungeon? (default 2, ? - help)
There is a stone staircase leading up here.
You see here a scroll of torment.
You see here a +0 short sword.
There is a stone staircase leading down here.
You climb downwards.
There is a stone staircase leading up here.
Waypoint 2 assigned to D:3.
You open the door.
An orc priest and 3 orcs come into view.
You shoot an arrow. The arrow hits the orc!
You kill the orc!
You shoot an arrow. The arrow hits the orc priest.
The orc priest shouts!
The orc priest is lightly wounded.
An orc comes into view. It is wielding a +0 hand axe.
You shoot an arrow. The arrow barely misses the orc priest.
The orc shouts! x3
You shoot an arrow. The arrow barely misses the orc priest.
You shoot an arrow. The arrow barely misses the orc priest.
You shoot an arrow. The arrow hits the orc.
The orc is almost dead.
The orc priest calls down the wrath of Beogh upon you.
Beogh smites you!
Ouch! That really hurt!
The orc closely misses you.
1416 ||| STAIRDANCE The orc closely misses you.
The orc priest invokes the aid of Beogh against you.
Beogh smites you!
Ouch! That really hurt!
You die...

#.........#
+.........+
..)......
.......
.....


ooo #o# #@# #.# #.# ... ... ....# .#.## #.### You could see an orc priest and 3
orcs.

Vanquished Creatures
  A gnoll (D:1)
  3 adders (D:2)
  2 dart slugs
  An orc (D:3)
  3 endoplasms (D:2)
  3 giant cockroaches
  4 goblins
  A hobgoblin (D:2)
  2 jackals (D:1)
  A quokka (D:1)
  3 ball pythons (D:2)
  4 bats
  2 frilled lizards (D:1)
  5 kobolds
  6 rats
41 creatures vanquished.

Notes
Turn   | Place    | Note
-------+----------+-------------------------------------------
     0 | D:1      | qw the Spriggan Hunter began the quest for the Orb.
     0 | D:1      | Reached XP level 1. HP: 10/10 MP: 2/2
     0 | D:1      | 0 ||| qw: Version: 0.3-a-155-g5e7d8dd
     0 | D:1      | 0 ||| qw: Game counter: 2364
     0 | D:1      | 0 ||| qw: Melee chars always use a shield: true
     0 | D:1      | 0 ||| qw: God list: Okawaru
     0 | D:1      | 0 ||| qw: Allow faded altars: false
     0 | D:1      | 0 ||| qw: Do Orc after clearing Dungeon:15 true
     0 | D:1      | 0 ||| qw: Do second Lair branch before Depths: true
     0 | D:1      | 0 ||| qw: Lair rune preference: random
     0 | D:1      | 0 ||| qw: Goals: Normal
     0 | D:1      | 0 ||| PLANNING D:1-11
    49 | D:1      | Reached skill level 3 in Dodging
   213 | D:1      | Reached XP level 2. HP: 14/14 MP: 3/3
   553 | D:1      | Reached XP level 3. HP: 18/18 MP: 4/4
   655 | D:1      | 655 ||| READING scroll labelled COLLIT JEXTY.
   655 | D:1      | 655 ||| IDENTIFYING gluggy blue potion
   666 | D:1      | 666 ||| READING scroll labelled SOROSA QUAPT.
   666 | D:1      | 666 ||| ENCHANTING +0 shortbow.
   667 | D:1      | 667 ||| READING scroll labelled TITRIO CYDAB.
   679 | D:1      | 679 ||| READING scroll labelled EBYNGEARIEF.
   715 | D:1      | 715 ||| DROPPING scroll of butterflies.
   717 | D:1      | 717 ||| DROPPING potion of degeneration.
  1074 | D:2      | Reached XP level 4. HP: 22/22 MP: 5/5
  1127 | D:2      | Reached skill level 5 in Ranged Weapons
  1362 | D:2      | 1362 ||| UPGRADING to ring of poison resistance.
  1416 | D:3      | 1416 ||| STAIRDANCE
  1416 | D:3      | Killed from afar by an orc priest

Levels and vault maps discovered:
D:1:      dpeg_arrival_lava_altar, layout_loops_ring,
          hangedman_abyss_or_decor_stabs
D:2:      layout_loops_ring
D:3:      layout_loops_corners, grunt_temple_overflow_champion_of_chaos,
          serial_bayou_ford_a, chequers_mini_garden, uniq_natasha, uniq_terence

Skill      XL: |  1  2  3  4 |
---------------+-------------+-----
Dodging        | 3 4 |  4.5
Ranged Weapons | 5 |  5.0
Fighting       | |  1.5
Stealth        | |  1.5

Action                     |  1- 3 |  4- 6 || total
---------------------------+-------+-------++-------
   Fire: Shortbow          |   104 |    23 ||   127
    Use: Scroll            |     4 |       ||     4
 Armour: Robe              |    13 |       ||    13
  Dodge: Dodged            |    36 |     3 ||    39

Table legend:
 A = Non-vault XP
 B = Vault XP
 C = Vault XP percentage of total XP
 D = Non-vault monster count
 E = Vault monster count
 F = Vault count percentage of total count
                 A         B        C        D         E       F
            +---------+---------+-------+---------+---------+-------
      Total |     114 |       0 |   0.0 |      41 |       0 |   0.0
            +---------+---------+-------+---------+---------+-------
        D:1 |      42 |       0 |   0.0 |      18 |       0 |   0.0
        D:2 |      69 |       0 |   0.0 |      22 |       0 |   0.0
        D:3 |       3 |       0 |   0.0 |       1 |       0 |   0.0
            +---------+---------+-------+---------+---------+-------
